Map: 백워터 - 래더

Players

Trap - Winner!

  • Race: Protoss Protoss
  • Spawn Location: 5:00

Ryung

  • Race: Terran Terran
  • Spawn Location: 11:00

Event: IEM Season 12 - Katowice

VOD

Have the link to the VOD?

Description

Time

  • Played on: March 2, 2018, 1:26 p.m.
  • Length: 10:42

All games in this series

Show
View Real Time Build Order
Export as new Build Order

Trap Protoss - Winner!

Build Orders: Blink Stalkers 

Get SALT Encoding   

  12  0:00  Probe  
  13  0:12  Probe  
  14  0:18  Pylon  
  14  0:24  Probe (Chrono Boost)  
  15  0:37  Probe (Chrono Boost)  
  15  0:39  Gateway  
  16  0:45  Probe (Chrono Boost)  
  17  0:51  Probe, Assimilator  
  18  1:03  Probe  
  19  1:15  Probe  
  20  1:25  Cybernetics Core  
  20  1:26  Zealot  
  20  1:28  Probe, Pylon  
  23  1:53  Nexus  
  23  1:59  Stalker (Chrono Boost)  
  23  2:04  Probe  
  23  2:05  Warp Gate  
  26  2:13  Assimilator  
  26  2:16  Probe  
  26  2:20  Stalker (Chrono Boost)  
  29  2:28  Probe  
  29  2:40  Probe  
  30  2:55  Twilight Council  
  30  2:56  Probe (Chrono Boost)  
  31  3:05  Probe (Chrono Boost), Stalker  
  33  3:11  Gateway  
  35  3:13  Probe (Chrono Boost)  
  35  3:15  Probe (Chrono Boost)  
  37  3:20  Probe x2 (Chrono Boost)  
  37  3:26  Blink (Chrono Boost)  
  36  3:31  Probe  
  36  3:32  Probe  
  38  3:35  Stalker  
  40  3:42  Shield Battery  
  40  3:43  Probe  
  40  3:44  Probe  
  42  3:53  Robotics Facility  
  42  3:56  Probe  
  42  3:58  Probe  
  44  4:05  Gateway  
  44  4:10  Adept  
  44  4:16  Pylon  
  46  4:25  Pylon  
  46  4:33  Pylon  
  46  4:34  Probe x2  
  46  4:37  Stalker x2  
  52  4:40  Observer (Chrono Boost)  
  53  4:46  Probe x2  
  53  4:51  Nexus  
  55  4:54  Observer (Chrono Boost)  
  55  4:59  Probe x2  
  58  5:05  Assimilator  
  55  5:16  Probe x2 (Chrono Boost)  
  57  5:23  Forge x2  
  57  5:26  Probe (Chrono Boost)  
  57  5:27  Probe (Chrono Boost)  
  57  5:30  Stalker x2  
  57  5:31  Probe x2 (Chrono Boost)  
  63  5:37  Observer  
  63  5:42  Stalker  
  66  5:43  Probe x2  
  68  5:57  Probe  
  68  5:58  Probe, Protoss Ground Weapons Level 1 (Chrono Boost)  
  70  6:07  Gateway  
  70  6:08  Charge, Protoss Ground Armor Level 1 (Chrono Boost)  
  70  6:10  Gateway  
  70  6:13  Gateway  
  72  6:18  Immortal  
  72  6:21  Probe x3  
  75  6:31  Gateway  
  75  6:32  Zealot, Sentry  
  79  6:33  Gateway  
  79  6:36  Pylon  
  79  6:37  Probe x3  
  81  6:44  Pylon  
  81  6:49  Probe x3  
  81  6:51  Assimilator  
  81  6:52  Assimilator  
  84  6:58  Observer (Chrono Boost)  
  85  7:01  Probe x3  
  88  7:13  Probe x2, Pylon  
  88  7:14  Probe  
  93  7:15  Warp Prism (Chrono Boost)  
  93  7:19  Templar Archives  
  93  7:25  Stalker x2  
  93  7:28  Zealot, Sentry  
  101  7:30  Pylon  
  101  7:33  Pylon  
  101  7:34  Probe x3, Assimilator  
  101  7:36  Zealot x2  
  108  7:46  Photon Cannon  
  108  7:48  Shield Battery  
  108  7:50  Protoss Ground Armor Level 2 (Chrono Boost)  
  107  7:52  Zealot x4  
  107  7:54  Observer  
  107  7:57  Protoss Ground Weapons Level 2 (Chrono Boost)  
  116  8:04  Pylon  
  116  8:07  Psionic Storm  
  116  8:17  Immortal  
  120  8:20  Pylon, Nexus  
  120  8:22  Zealot  
  122  8:33  Zealot x5  
  132  8:38  Pylon  
  132  8:40  Pylon  
  132  8:42  High Templar x3  
  132  8:46  Photon Cannon  
  138  8:53  High Templar  
  140  8:57  Immortal  
  144  9:09  Zealot x4  
  150  9:19  Probe x3  
  153  9:26  Stalker x2  
  153  9:30  Pylon  
  157  9:39  Pylon x2  
  157  9:42  Zealot x6  
  156  10:09  Zealot x4  
  156  10:10  Zealot x2  
  156  10:13  Stalker x2  
  126  10:36  Zealot x8  
Show
View Real Time Build Order
Export as new Build Order

Ryung Terran 

Build Orders: Cyclone Opening, Gas First Reaper Expand, Reaper Expand, MMM Bio 

Get SALT Encoding   

  12  0:00  SCV  
  13  0:12  SCV  
  14  0:17  Supply Depot  
  14  0:25  SCV  
  14  0:27  Refinery  
  15  0:38  SCV  
  16  0:44  Barracks  
  16  0:50  SCV  
  17  1:02  SCV  
  18  1:14  SCV  
  19  1:30  Orbital Command  
  19  1:31  Reaper  
  20  1:45  Command Center  
  20  1:56  Factory  
  20  1:59  SCV  
  21  2:05  Barracks Reactor  
  21  2:11  SCV  
  21  2:14  Supply Depot  
  22  2:19  Refinery  
  22  2:23  SCV  
  23  2:35  SCV  
  23  2:41  Cyclone, Marine x2  
  28  2:51  SCV  
  28  3:00  Marine x2  
  28  3:03  Starport  
  28  3:04  SCV  
  29  3:16  Supply Depot, SCV  
  29  3:26  Bunker  
  29  3:28  SCV  
  29  3:33  Widow Mine  
  32  3:40  SCV  
  33  3:43  Orbital Command  
  33  3:48  Medivac  
  35  3:53  SCV  
  36  3:56  Widow Mine  
  36  3:59  Marine  
  36  4:00  Marine  
  40  4:05  SCV  
  40  4:09  SCV  
  42  4:17  SCV  
  42  4:21  SCV  
  44  4:28  Barracks Tech Lab  
  44  4:29  SCV  
  45  4:32  Barracks  
  45  4:33  SCV, Barracks  
  46  4:40  Engineering Bay  
  46  4:41  SCV  
  47  4:46  SCV  
  47  4:49  Stimpack, Marine  
  49  4:53  Starport Reactor, SCV, Factory Reactor  
  49  4:54  Supply Depot  
  49  4:58  SCV  
  51  5:03  Supply Depot  
  51  5:06  SCV  
  52  5:10  SCV  
  53  5:16  Terran Infantry Weapons Level 1  
  53  5:18  SCV  
  50  5:22  SCV, Barracks Tech Lab  
  50  5:28  Marine x3  
  53  5:30  SCV  
  53  5:34  SCV  
  56  5:38  Command Center  
  56  5:42  SCV  
  57  5:45  Combat Shields  
  57  5:46  Medivac  
  61  5:51  Marauder x2  
  61  5:52  SCV  
  61  5:54  SCV  
  61  5:55  Marine x2  
  67  6:02  Medivac, Refinery x2  
  66  6:04  SCV  
  66  6:06  SCV  
  68  6:13  Supply Depot x2  
  68  6:14  Marauder  
  68  6:17  SCV  
  69  6:18  SCV  
  69  6:26  Marine  
  70  6:34  Marine  
  70  6:35  SCV x2, Marauder x2  
  77  6:42  Medivac x2  
  81  6:48  SCV x2, Factory Reactor  
  81  6:53  Orbital Command, Barracks  
  83  6:54  Barracks  
  83  6:58  Concussive Shells  
  83  7:00  SCV x2  
  85  7:05  Liberator, Marauder x2  
  85  7:06  Liberator  
  89  7:10  Terran Infantry Armor Level 1  
  89  7:12  SCV x2  
  91  7:20  SCV  
  92  7:24  SCV  
  92  7:26  Supply Depot  
  92  7:29  Supply Depot  
  99  7:30  SCV  
  99  7:32  SCV  
  99  7:35  Refinery  
  99  7:36  Refinery  
  101  7:46  Barracks Tech Lab  
  101  7:48  SCV x3  
  104  7:53  Armory  
  104  7:54  Engineering Bay  
  104  7:59  Marine x4  
  104  8:02  SCV  
  104  8:03  SCV x2  
  104  8:04  Marauder x2  
  115  8:09  Supply Depot x2  
  115  8:15  SCV x2  
  115  8:17  Factory Reactor  
  117  8:20  Starport  
  117  8:21  Fusion Core  
  117  8:28  SCV  
  117  8:29  Supply Depot x2  
  117  8:31  SCV x2  
  117  8:34  Marauder x2  
  123  8:37  Marauder  
  123  8:39  Marine x3, Liberator  
  123  8:40  SCV, Marine  
  130  8:44  Liberator  
  130  8:56  Supply Depot  
  130  8:57  Supply Depot  
  130  8:58  Starport Tech Lab  
  136  9:07  Liberator  
  136  9:15  Advanced Ballistics  
  136  9:22  Supply Depot, Liberator  
  139  9:24  Supply Depot  
  139  9:28  Marauder x3  
  143  9:42  Marine x4  
  149  9:49  Marauder  
  149  9:50  Marauder x2  
  155  10:04  Command Center  
  139  10:09  Marine x4  
  139  10:11  Marauder x3  
  113  10:20  SCV  
  113  10:21  SCV  
  63  10:29  SCV  

Tags
 
Add a new tag
Caveats
  • Supply blocks, unpowered buildings, or Contaminate may cause inaccurate times.
  • Supply counts are checked every 10 seconds.